 Dungeon Crawl Stone Soup version 0.13-a0-2672-g649a1be (webtiles) character file.

380 M4edhros the Insei (level 5, -11/34 HPs)
             Began as an Octopode Wanderer on Aug 12, 2013.
             Killed from afar by an orc priest (24 damage)
             ... with a wand of lightning
             ... on Level 4 of the Dungeon.
             The game lasted 00:05:25 (3449 turns).

M4edhros the Insei (Octopode Wanderer)              Turns: 3449, Time: 00:05:26

HP -11/34        AC  1     Str 12      XL: 5   Next: 51%
MP   5/5         EV 12     Int 14      God:
Gold 210         SH  0     Dex 12      Spells:  0 memorised,  4 levels left

Res.Fire  : . . .   See Invis. : .     - Unarmed
Res.Cold  : . . .   Warding    : .   (no shield)
Life Prot.: . . .   Conserve   : .   p - +0 cap
Res.Poison: .       Res.Corr.  : .   (no amulet)
Res.Elec. : .       Clarity    : .   k - +4,+2 ring of slaying
Sust.Abil.: + .     Spirit.Shd : .   j - cursed ring of sustain abilities
Res.Mut.  : .       Stasis     : .   o - ring of sustenance
Res.Rott. : .       Flight     : .   v - ring of sustenance
Saprovore : . . .                    r - ring of teleport control
                                     (no ring)
                                     (no ring)
                                     (no ring)

@: slightly resistant to hostile enchantments, stealthy
A: almost no armour, amphibious, 8 rings, constrict 8, camouflage 1, AC +1
a: Evoke Teleport Control


You were on level 4 of the Dungeon.
You were not hungry.

You visited 1 branch of the dungeon, and saw 4 of its levels.

You collected 160 gold pieces.

Inventory:

Hand weapons
 b - a +0,+0 falchion
 d - a +0 blowgun
Missiles
 i - 4 poisoned needles
Armour
 p - a +0 cap (worn)
Magical devices
 x - a wand of slowing (0)
Comestibles
 h - 2 meat rations
 n - 2 chokos
Scrolls
 a - a scroll of fear
 c - 6 scrolls of remove curse {unknown}
 e - a scroll of teleportation
 l - a scroll of noise
 q - 3 scrolls of identify
 s - a scroll of amnesia {unknown}
 w - a scroll of random uselessness
Jewellery
 j - a cursed ring of sustain abilities (right tentacle)
 k - a +4,+2 ring of slaying (left tentacle)
 o - a ring of sustenance (on tentacle)
 r - a ring of teleport control (on tentacle)
 v - a ring of sustenance (on tentacle)
Potions
 f - a potion of curing
 g - a potion of invisibility


   Skills:
 * Level 4.1 Fighting
   Level 2.0 Short Blades
 - Level 2.0 Dodging
 - Level 1.3 Stealth
 * Level 4.1 Unarmed Combat
   Level 1.0 Invocations


You had 4 spell levels left.
You didn't know any spells.

Dungeon Overview and Level Annotations

Branches:
Dungeon (4/27)
 Temple: D:4-7

Altars:
Cheibriados
Kikubaaqudgha
Yredelemnul


Innate Abilities, Weirdness & Mutations

You cannot wear most types of armour.
You are amphibious.
You can wear up to eight rings at the same time.
You can use your tentacles to constrict many enemies at once.
Your skin changes colour to match your surroundings (Stlth).
Your rubbery body absorbs attacks (AC +1).


Message History

HP restored.
You now have 210 gold pieces (gained 6).
Things that are here:
an orcish war axe; an orc corpse
Found 11 gold pieces.
The orc priest shouts!
The orc priest glows brightly for a moment.
There is an open door here.
The orc priest closely misses you.
You hit the orc priest. You grab the orc priest.
The orc priest is heavily wounded.
You constrict the orc priest, but do no damage.
The orc priest zaps a wand.
The bolt of lightning hits you!
Ouch! That really hurt!
You hit the orc priest. You squeeze the orc priest.
The orc priest is almost dead.
You constrict the orc priest, but do no damage.
The orc priest zaps a wand.
The bolt of lightning hits you!
Ouch! That really hurt!
You die...

#.#...........##
..#....##.##...#
###....##.##...#######
..)..>..(.......%...#
# ################)#.#
.........#.#
####.####.#.#
#..'$'.o#.#)# #.@#.#.#
##'#.##'#.#.#
...........#.#
##'#.##'#.#.# #
#..#.#.# #..#.#.#
####.#.# ..#.# ###.#


You could see an orc priest.

Vanquished Creatures
  An orc priest (D:4)
  Terence (D:3)
  2 adders
  2 worms
  A human zombie (D:2)
  A giant eyeball (D:4)
  4 giant geckos
  13 orcs
  4 giant cockroaches
  5 hobgoblins (D:3)
  An ooze (D:2)
  3 quokkas
  A ball python (D:2)
  7 bats
  2 giant newts (D:2)
  5 goblins
  A goblin skeleton (D:2)
  3 jackals (D:4)
  14 kobolds
  5 rats
  A plant (D:3)
77 creatures vanquished.

Notes
Turn   | Place    | Note
--------------------------------------------------------------
     0 | D:1      | M4edhros, the Octopode Wanderer, began the quest for the Orb.
     0 | D:1      | Reached XP level 1. HP: 12/12 MP: 1/1
   135 | D:1      | Reached XP level 2. HP: 7/18 MP: 2/2
   638 | D:2      | Reached XP level 3. HP: 12/23 MP: 3/3
  1002 | D:2      | Reached skill level 3 in Unarmed Combat
  1317 | D:2      | Found a basalt altar of Yredelemnul.
  1329 | D:2      | Reached XP level 4. HP: 17/28 MP: 4/4
  2104 | D:3      | Found an ancient bone altar of Kikubaaqudgha.
  2132 | D:3      | Noticed Terence
  2146 | D:3      | Killed Terence
  2238 | D:3      | Reached XP level 5. HP: 23/34 MP: 5/5
  2713 | D:3      | Found a snail-covered altar of Cheibriados.
  2832 | D:4      | Paralysed by a giant eyeball for 3 turns
  2842 | D:4      | Paralysed by a giant eyeball for 2 turns
  3194 | D:4      | Reached skill level 4 in Unarmed Combat
  3449 | D:4      | Killed from afar by an orc priest

Action                   |  1- 3 |  4- 6 || total
-------------------------+-------+-------++-------
Melee: Unarmed           |    81 |   120 ||   201
  Use: Scroll            |     4 |     5 ||     9
       Potion            |       |     5 ||     5
 Stab: Sleeping          |     5 |     5 ||    10
